AoeStats
← zamithdaniel

Fortress

507407697Analyzed
4v4 RM · 15d ago on Sep 18, 2026· 40m 44s· 8 players
Game mode
Random Map
Map size
Huge
Population
200
Speed
Normal
Resources
Standard
Victory
Conquest
Starting age
Dark Age
Ending age
Imperial Age
RankedLock teamsTeams togetherTeam positionsShared explorationLock speedFull tech treeHidden civsTurbo modeCheats
Victory
Defeat
🇨🇳 Mongols · China
979
+13
🇨🇳 Italians · China
978
+13
🇲🇽 Lithuanians · Mexico
961
+13
🇳🇱 Teutons · Netherlands
816
+20
🇨🇴 Celts · Colombia
990
-18
🇦🇷 Georgians · Argentina
883
-14
🇨🇴 Romans · Colombia
878
-14
🇺🇸 Malians · United States
854
-13
The HypnoToad
7:01 Loom
9:13 Feudal Age
10:08 Double-Bit Axe
13:14 Horse Collar
15:42 Castle Age
15:31 Gold Mining
15:33 Stone Mining
16:26 Wheelbarrow
16:59 Bloodlines
16:49 Husbandry
18:23 Scale Barding Armor
18:31 Forging
21:44 Bow Saw
21:35 Heavy Plow
25:05 Light Cavalry
26:26 Chain Barding Armor
28:05 Gold Shaft Mining
27:48 Hand Cart
33:26 Imperial Age
31:22 Fletching
32:08 Iron Casting
33:51 Tigui
34:26 Heavy Camel Rider
37:59 Tigui
38:21 Conscription
38:13 Farimba
38:53 Bodkin Arrow
zamithdaniel
5:18 Feudal Age
7:13 Double-Bit Axe
8:35 Horse Collar
18:33 Castle Age
17:30 Scale Mail Armor
17:41 Forging
17:44 Stone Mining
17:54 Gold Mining
21:27 Heavy Plow
24:20 Bow Saw
31:25 Imperial Age
31:21 Gold Shaft Mining
32:02 Wheelbarrow
31:13 Town Watch
31:13 Loom
31:35 Loom
32:26 Wheelbarrow
31:37 Town Watch
32:38 Iron Casting
32:18 Chain Mail Armor
31:39 Onager
34:34 Siege Onager
36:25 Chemistry
ElMig
7:08 Feudal Age
7:29 Horse Collar
7:35 Double-Bit Axe
13:05 Castle Age
12:49 Wheelbarrow
12:09 Gold Mining
12:09 Stone Mining
12:32 Stone Mining
19:30 Heavy Plow
20:36 Bow Saw
26:09 Imperial Age
24:55 Caravan
25:48 Gold Shaft Mining
26:22 Hand Cart
27:27 Scale Barding Armor
27:32 Forging
28:02 Conscription
30:07 Comitatenses
32:08 Crop Rotation
31:52 Town Watch
33:23 Chain Barding Armor
33:38 Iron Casting
34:13 Husbandry
34:24 Bloodlines
36:44 Blast Furnace
36:34 Plate Barding Armor
b3rm3
0:40 Loom
7:40 Feudal Age
11:55 Double-Bit Axe
18:39 Castle Age
17:36 Scale Barding Armor
20:48 Husbandry
20:17 Pikeman
21:11 Forging
21:02 Scale Mail Armor
26:53 Iron Casting
27:32 Gold Mining
27:53 Bow Saw
28:56 Stone Mining
29:30 Bloodlines
31:12 Chain Mail Armor
37:11 Chain Barding Armor
38:45 Fletching
DEEP DARK FANTASY
6:12 Feudal Age
11:11 Castle Age
9:29 Double-Bit Axe
10:14 Horse Collar
12:22 Heavy Plow
19:03 Wheelbarrow
26:13 Imperial Age
25:02 Hand Cart
25:07 Gold Mining
25:07 Stone Mining
25:34 Loom
28:41 Gold Shaft Mining
28:41 Stone Shaft Mining
28:56 Conscription
28:03 Capped Ram
29:16 Ballistics
30:52 Stone Shaft Mining
30:09 Fletching
30:19 Padded Archer Armor
29:43 Siege Ram
31:24 Chemistry
30:48 Drill
31:05 Bodkin Arrow
31:42 Bloodlines
31:32 Husbandry
32:01 Parthian Tactics
32:20 Bracer
32:36 Leather Archer Armor
31:53 Elite Mangudai
32:51 Bow Saw
33:07 Thumb Ring
33:15 Town Watch
39:47 Forging
39:42 Scale Barding Armor
39:03 Light Cavalry
39:07 Elite Steppe Lancer
Gustatro
2:55 Loom
7:36 Feudal Age
10:19 Wheelbarrow
13:18 Castle Age
13:08 Double-Bit Axe
13:05 Horse Collar
13:46 Pikeman
17:47 Bloodlines
21:01 Husbandry
22:23 Heavy Plow
22:37 Bow Saw
27:29 Imperial Age
26:06 Forging
26:02 Scale Barding Armor
25:19 Elite Skirmisher
28:07 Iron Casting
27:54 Chain Barding Armor
27:24 Fletching
29:09 Hoardings
28:52 Hand Cart
29:21 Conscription
30:03 Thumb Ring
31:14 Chemistry
32:30 Crop Rotation
34:01 Plate Barding Armor
32:49 Cavalier
33:45 Bodkin Arrow
35:20 Tower Shields
36:47 Gold Mining
36:47 Stone Mining
36:47 Elite Leitis
Big papi Nelis
7:31 Feudal Age
8:16 Double-Bit Axe
14:15 Castle Age
19:24 Bow Saw
21:05 Horse Collar
22:58 Wheelbarrow
23:42 Heavy Plow
25:11 Hand Cart
25:28 Stone Mining
25:36 Gold Mining
29:32 Imperial Age
27:18 Squires
27:04 Arson
27:22 Scale Mail Armor
27:32 Forging
28:49 Masonry
29:20 Stone Shaft Mining
30:30 Caravan
31:59 Iron Casting
31:41 Chain Mail Armor
31:31 Scale Barding Armor
31:57 Conscription
30:58 Elite Teutonic Knight
32:00 Ironclad
32:23 Capped Ram
34:23 Town Watch
34:24 Loom
36:02 Chemistry
35:08 Siege Engineers
35:38 Plate Mail Armor
36:08 Blast Furnace
34:59 Fletching
35:31 Chain Barding Armor
36:27 Hoardings
36:25 Padded Archer Armor
37:47 Town Patrol
38:58 Ballistics
Manchuria lmuberjack
6:35 Feudal Age
11:35 Castle Age
9:59 Horse Collar
10:33 Double-Bit Axe
11:07 Gold Mining
17:51 Wheelbarrow
18:10 Stone Mining
19:00 Bow Saw
21:42 Hand Cart
21:53 Heavy Plow
22:02 Loom
24:51 Squires
28:57 Imperial Age
27:00 Crossbowman
27:46 Thumb Ring
29:11 Fletching
29:31 Forging
29:22 Scale Mail Armor
29:22 Padded Archer Armor
29:03 Arbalester
30:45 Chemistry
30:11 Conscription
30:09 Pirotechnia
35:58 Bombard Tower
36:12 Elite Skirmisher
Connection lost

Rejoining the realm…

Still unreachable

The connection could not be restored.

Session expired

The server has moved on; the page needs a fresh start.